 Dungeon Crawl Stone Soup version 0.16.1-12-gf5c4a84 (webtiles) character file.

104 karlm the Magician (level 4, 0/36 HPs)
             Began as a Naga Wizard on Apr 7, 2015.
             Slain by a worker ant (2 damage)
             ... on level 4 of the Dungeon on Apr 8, 2015.
             The game lasted 00:13:26 (3369 turns).

karlm the Magician (Naga Wizard)                    Turns: 3369, Time: 00:13:26

Health: 0/36       AC:  2    Str:  9    XL:     4   Next: 80%
Magic:  2/10       EV:  9    Int: 20    God:
Gold:   133        SH:  0    Dex:  9    Spells: 4 memorised, 2 levels left

rFire  . . .     SeeInvis +     k - +0 spear
rCold  . . .     Clarity  .     a - +0 robe
rNeg   . . .     SustAb   .     (no shield)
rPois  +         Gourm    .     b - +0 hat
rElec  .         Spirit   .     (no cloak)
rCorr  .         Warding  .     (no gloves)
rMut   .         Stasis   .     (no barding)
MR     .....                    (no amulet)
Stlth  ++........               (no ring)
                                (no ring)

@: very slow, not resistant to hostile enchantments, unstealthy
A: spit poison, see invisible, deformed body, poison resistance, slowness 2, AC
+1
a: Spit Poison


You were on level 4 of the Dungeon.
You were not hungry.

You visited 1 branch of the dungeon, and saw 4 of its levels.

You collected 133 gold pieces.

Inventory:

Hand weapons
 k - a +0 spear (weapon)
Missiles
 e - 49 stones (quivered)
 n - 8 poisoned needles
 w - 8 tomahawks
Armour
 a - a +0 robe (worn)
 b - a +0 hat (worn)
Scrolls
 f - a scroll of amnesia {unknown}
 h - a scroll of magic mapping {unknown}
 i - 2 scrolls of teleportation {unknown}
 j - 2 scrolls of random uselessness {unknown}
 m - a scroll of fear {unknown}
 o - 3 scrolls of enchant weapon {unknown}
 q - 2 scrolls of remove curse {unknown}
 t - a scroll of recharging {unknown}
Potions
 g - 2 potions of lignification {unknown}
 p - 2 potions of invisibility {unknown}
 r - a potion of resistance {unknown}
 s - 2 potions of cancellation {unknown}
 v - a potion of magic {unknown}
Books
 c - a book of Minor Magic

   Spells                             Type                      Level
   a - Magic Dart                     Conjuration                  1
   b - Blink                          Translocation                2
   c - Call Imp                       Summoning                    2
   d - Repel Missiles                 Charms/Air                   2
   e - Slow                           Hexes                        2
   f - Conjure Flame                  Conjuration/Fire             3
   g - Mephitic Cloud                 Conjuration/Poison/Air       3
Comestibles
 d - 4 bread rations
 l - 4 fruits
 u - 3 meat rations
 x - 2 chunks of flesh


   Skills:
 - Level 1.5 Dodging
 - Level 3.0 Stealth
 + Level 3.5 Spellcasting
 + Level 2.9 Conjurations
 - Level 1.0 Summonings
 - Level 1.0 Translocations
 * Level 2.2 Fire Magic


You had 2 spell levels left.
You knew the following spells:

 Your Spells              Type           Power        Failure   Level  Hunger
a - Magic Dart            Conj           ###.         4%          1    None
b - Call Imp              Summ           #.......     17%         2    ##.....
c - Blink                 Tloc           N/A          17%         2    ##.....
d - Conjure Flame         Conj/Fire      ##......     17%         3    ###....


Dungeon Overview and Level Annotations

Branches:
Dungeon (4/15)
 Temple: D:4-7

Altars:
Gozag
Xom
Zin

Annotations:
D:2 Sigmund, Terence
D:3 Thalios' ghost, average GrFi


Innate Abilities, Weirdness & Mutations

You cannot wear boots.
You can spit poison.
Your serpentine skin is tough (AC +1).
You have supernaturally acute eyesight.
Armour fits poorly on your strangely shaped body.
Your system is resistant to poisons.
You cover ground very slowly.


Message History

The worker ant bites you.
Your crimson imp blinks!
The worker ant bites you.
You are too injured to fight recklessly!
You hit the worker ant but do no damage.
The worker ant is severely wounded.
The worker ant bites you.
* * * LOW HITPOINT WARNING * * *
You closely miss the worker ant.
The worker ant is severely wounded.
The worker ant bites you.
* * * LOW HITPOINT WARNING * * *
Your crimson imp blinks!
You barely miss the worker ant.
The worker ant is severely wounded.
The worker ant bites you.
* * * LOW HITPOINT WARNING * * *
Your crimson imp closely misses the worker ant.
The worker ant bites you.
You die...

#....# ##...##
#....# ##.....##
#....# ##.))..<.##
#....##
##.........#
#.....###
##......###..#
#.......###...5..##
#.#
##.............###
#.# #............##
#.# #.....#>@5..##
. ##...###.a.ยง.#
#...# ##....# #..##
##...# ##.# #....#
#.# #..... .
.....!. ...#.. ).#


You could see a worker ant and 2 friendly crimson imps.

Vanquished Creatures
  An adder (D:2)
  An ooze (D:1)
  An orc (D:2)
  10 bats
  6 hobgoblins
  4 jackals (D:2)
  5 kobolds
  A ball python (D:3)
  2 giant cockroaches
  6 giant newts
  9 goblins
  A quokka (D:4)
  8 rats
55 creatures vanquished.

Vanquished Creatures (collateral kills)
  A crimson imp (D:3)
  An adder (D:1)
  A worm (D:3)
  A giant gecko (D:2)
  An orc (D:3)
  A bat (D:1)
  A hobgoblin (D:3)
  A kobold (D:4)
  An ooze (D:3)
  A giant newt (D:2)
10 creatures vanquished.

Vanquished Creatures (others)
  A crimson imp (D:4)
1 creature vanquished.

Grand Total: 66 creatures vanquished

Notes
Turn   | Place    | Note
--------------------------------------------------------------
     0 | D:1      | karlm, the Naga Wizard, began the quest for the Orb.
     0 | D:1      | Reached XP level 1. HP: 15/15 MP: 4/4
   260 | D:1      | Reached XP level 2. HP: 22/22 MP: 0/6
   264 | D:1      | Learned a level 2 spell: Call Imp
   267 | D:1      | Learned a level 2 spell: Blink
   788 | D:1      | Upgraded the game from 0.16.1-11-g651b585 to 0.16.1-12-gf5c4a84
   788 | D:1      | Reached XP level 3. HP: 28/28 MP: 2/8
   793 | D:1      | Learned a level 3 spell: Conjure Flame
   923 | D:2      | Noticed Sigmund
  1206 | D:2      | Noticed Terence
  1235 | D:2      | Reached skill level 1 in Fire Magic
  1723 | D:1      | Reached XP level 4. HP: 10/36 MP: 1/9
  2382 | D:3      | Noticed Thalios' ghost (average GrFi)
  2607 | D:3      | Noticed an angel
  2607 | D:3      | Found a shimmering altar of Xom.
  2612 | D:3      | Found a glowing silver altar of Zin.
  3187 | D:3      | Found an opulent altar of Gozag.
  3369 | D:4      | Slain by a worker ant

Action                   |  1- 3 |  4- 6 || total
-------------------------+-------+-------++-------
Melee: Club              |     4 |       ||     4
       Spear             |    14 |    37 ||    51
 Cast: Magic Dart        |    60 |    35 ||    95
       Call Imp          |     5 |    24 ||    29
       Blink             |     1 |     2 ||     3
       Conjure Flame     |     1 |       ||     1
 Abil: Spit Poison       |    24 |    15 ||    39
 Stab: Distracted        |       |     1 ||     1
  Eat: Chunk             |     3 |     8 ||    11
